 Dungeon Crawl Stone Soup version 0.18-a0-674-g00855b9 (webtiles) character file.

72 Duffy the Insei (level 4, -3/38 HPs)
             Began as a Centaur Monk on Dec 6, 2015.
             Slain by Grinder (4 damage)
             ... on level 3 of the Dungeon.
             The game lasted 00:01:35 (2108 turns).

Duffy the Insei (Centaur Monk)                      Turns: 2108, Time: 00:01:35

Health: -3/38      AC:  6    Str: 13    XL:     4   Next: 7%
Magic:  4/4        EV:  7    Int:  9    God:
Gold:   77         SH:  0    Dex: 13    Spells: 0 memorised, 3 levels left

rFire  . . .     SeeInvis .       - Unarmed
rCold  + . .     Clarity  .     o - +0 scale mail
rNeg   . . .     SustAt   .     (no shield)
rPois  .         Gourm    +     (no helmet)
rElec  .         Spirit   .     (no cloak)
rCorr  .         Dismiss  .     (no gloves)
rMut   .         Stasis   .     (no barding)
MR     .....                    f - amulet of the gourmand
Stlth  ..........               (no ring)
                                p - ring of protection from cold

@: very quick, not resistant to hostile enchantments, extremely unstealthy
A: hooves 3, deformed body, speed 2, tough skin 3
a: no special abilities


You were on level 3 of the Dungeon.
You were not hungry.

You visited 1 branch of the dungeon, and saw 3 of its levels.

You collected 77 gold pieces.


Innate Abilities, Weirdness & Mutations

You have hooves in place of feet.
Armour fits poorly on your strangely shaped body.
You cover ground very quickly.
You have extremely tough skin (AC +3).


   Skills:
 - Level 3.0 Fighting
 - Level 2.1 Dodging
 - Level 1.2 Stealth
 + Level 5.6 Unarmed Combat


You had 3 spell levels left.
You didn't know any spells.

Inventory:

Armour
 a - a +0 robe
 o - a +0 scale mail (worn)
Jewellery
 f - an amulet of the gourmand (around neck)
 p - a ring of protection from cold (left hand)
Scrolls
 e - 2 scrolls of identify {unknown}
 g - a scroll of magic mapping {unknown}
 h - 2 scrolls of enchant weapon {unknown}
 j - 3 scrolls of noise {unknown}
 k - a scroll of fear {unknown}
 q - 2 scrolls of teleportation {unknown}
 s - a scroll of remove curse {unknown}
Potions
 c - a potion of lignification {unknown}
 d - a potion of heal wounds {unknown}
 i - a potion of curing {unknown}
 t - a potion of ambrosia {unknown}
 u - a potion of poison {unknown}
Comestibles
 b - a bread ration
 l - 2 meat rations
 m - a slice of pizza
 n - a beef jerky
 r - 4 fruits

Dungeon Overview and Level Annotations

Branches:
Dungeon (3/15)

Altars:
Ashenzari

Annotations:
D:3 Grinder


Message History

You hit Grinder. You kick Grinder.
Grinder is lightly wounded.
Grinder hits you.
You writhe in agony.
You are too injured to fight recklessly!
You are too injured to fight recklessly!
You are too injured to fight recklessly!
You are too injured to fight recklessly!
You are too injured to fight recklessly!
You are too injured to fight recklessly!
You are too injured to fight recklessly!
You are too injured to fight recklessly!
You are too injured to fight recklessly!
You are too injured to fight recklessly!
You are too injured to fight recklessly!
You are too injured to fight recklessly!
You are too injured to fight recklessly!
You are too injured to fight recklessly!
You are too injured to fight recklessly!
You are too injured to fight recklessly!
You are too injured to fight recklessly!
You are too injured to fight recklessly!
You are too injured to fight recklessly!
You are too injured to fight recklessly!
You barely miss Grinder. Your kick misses Grinder.
Grinder is lightly wounded.
Grinder hits you!
You writhe in agony.
You barely miss Grinder. You kick Grinder, but do no damage.
Grinder is lightly wounded.
You closely miss Grinder. You kick Grinder.
Grinder is lightly wounded.
Grinder hits you but does no damage.
Your scale mail prevents you from hitting Grinder.
Grinder is lightly wounded.
Grinder hits you.
You writhe in agony.
You die...

#.# #.#
#.# #.#
#.# #.#
#<#
..######.#
#.....5@.#
..########


You could see Grinder.

Action                   |  1- 3 |  4- 6 || total
-------------------------+-------+-------++-------
Melee: Unarmed           |   142 |    12 ||   154
  Eat: Chunk             |     5 |     1 ||     6

Notes
Turn   | Place    | Note
--------------------------------------------------------------
     0 | D:1      | Duffy the Centaur Monk began the quest for the Orb.
     0 | D:1      | Reached XP level 1. HP: 19/19 MP: 1/1
   212 | D:1      | Found a shattered altar of Ashenzari.
   226 | D:1      | Reached XP level 2. HP: 17/26 MP: 2/2
   990 | D:1      | Reached skill level 5 in Unarmed Combat
   990 | D:1      | Reached XP level 3. HP: 31/31 MP: 3/3
  1784 | D:2      | Reached XP level 4. HP: 18/38 MP: 4/4
  2102 | D:3      | Noticed Grinder
  2108 | D:3      | Slain by Grinder

Vault maps used:
D:1:      shiori_arrival_elements, roderic_curled_sauvastika,
          evilmike_ruin_ashenzari
D:3:      uniq_grinder, uniq_iyjb

Vanquished Creatures
  2 adders
  An ooze
  A worm
  A giant gecko
  3 bats
  A giant cockroach
  10 goblins
  3 hobgoblins
  7 jackals
  4 giant newts
  7 kobolds
  8 rats
48 creatures vanquished.
